 Dungeon Crawl Stone Soup version 0.30-a0-777-ga9a30cbeda (webtiles) character file.

Game seed: 12202122541629671875

258 Esekla the Sneak (level 6, -1/33 HPs)
             Began as a Vine Stalker Delver on Feb 15, 2023.
             Slain by a black bear (10 damage)
             ... on level 6 of the Dungeon.
             The game lasted 00:08:40 (885 turns).

Esekla the Sneak (Vine Stalker Delver)               Turns: 885, Time: 00:08:41

Health: -1/33      AC:  4    Str: 14    XL:     6   Next: 16%
Magic:  0/9        EV: 12    Int: 12    God:
Gold:   87         SH:  0    Dex: 16    Spells: 8/8 levels left

rFire   . . .      SeeInvis .    a - +0 falchion
rCold   + . .      Faith    .    (no shield)
rNeg    + . .      Spirit   +    b - +2 robe "Hittiuku" {rC+ rN+ Regen+}
rPois   .          Reflect  .    (no helmet)
rElec   .          Harm     .    (no cloak)
rCorr   .          Rampage  .    (no gloves)
Will    .....                    (no boots)
Stlth   ++++                     (no amulet)
HPRegen 1.85/turn                (no ring)
MPRegen 0.11/turn                (no ring)

@: no status effects
A: fangs 2, regeneration 1, magic shield, antimagic bite, no potion heal 2
a: no special abilities


You were on level 6 of the Dungeon.
You visited 2 branches of the dungeon, and saw 4 of its levels.

You collected 87 gold pieces.

Inventory:

Hand Weapons
 a - a +0 falchion (weapon)
Armour
 b - the +2 robe "Hittiuku" (worn) {rC+ rN+ Regen+}
   (You found it on level 5 of the Dungeon)

   rC:        It protects you from cold.
   rN:        It protects you from negative energy.
   Regen:     It increases your rate of health regeneration.
Wands
 g - a wand of digging (2)
 j - a wand of acid (1)
Scrolls
 c - a scroll of fog
 d - a scroll of magic mapping
 e - a scroll of identify {unknown}
 f - a scroll of enchant weapon {unknown}
 i - a scroll of teleportation {unknown}
 k - a scroll of poison {unknown}
Potions
 h - a potion of attraction {unknown}


   Skills:
 * Level 3.8 Fighting
 * Level 3.1 Long Blades
 + Level 2.2 Dodging
 - Level 6.8 Stealth
 * Level 1.6 Spellcasting
 * Level 1.6 Translocations


You had 8 spell levels left.
You didn't know any spells.
Your spell library was empty.

Dungeon Overview and Level Annotations

Branches:
Dungeon (6/15)             Temple (1/1) D:6

Altars:
Ashenzari
Dithmenos
Fedhas
Gozag
Hepliaklqana
Makhleb
Nemelex Xobeh
Okawaru
Qazlal
Ru
Xom
Zin
The Shining One

Shops:
D:5 :

Annotations:
D:5 Pikel, Sigmund
D:6 Eustachio


Innate Abilities, Weirdness & Mutations

You have extremely sharp teeth.
Your natural rate of healing is unusually fast.
When hurt, damage is shared between your health and your magic reserves.
Your bite disrupts and absorbs the magic of your enemies.
Potions cannot restore your health.


Message History

You closely miss the black bear.
You bite the black bear, but do no damage.
The black bear is lightly wounded.
The black bear bites you. The black bear claws you. x2
You completely miss the black bear.
The black bear is lightly wounded.
The black bear barely misses you. The black bear misses you.
The black bear closely misses you.
You slash the black bear!
The black bear is heavily wounded.
The black bear closely misses you. The black bear misses you.
The black bear barely misses you.
You closely miss the black bear.
The black bear is heavily wounded.
The black bear bites you. The black bear closely misses you. x2
You completely miss the black bear. You bite the black bear.
You drain its power.
You feel invigorated.
The black bear is severely wounded.
The black bear bites you! The black bear claws you. x2
You hit the black bear.
The black bear is severely wounded.
The black bear goes berserk!
The black bear barely misses you.
The black bear claws you but does no damage. x2
You hit the black bear.
The black bear is almost dead.
The black bear bites you! The black bear claws you.
The black bear claws you but does no damage.
You hit the black bear but do no damage.
The black bear is almost dead.
The black bear bites you! The black bear misses you. The black bear claws you.
The black bear bites you but does no damage.
The black bear claws you.
* * * LOW HITPOINT WARNING * * *
The black bear claws you.
* * * LOW HITPOINT WARNING * * *
You hit the black bear.
You bite the black bear, but do no damage.
The black bear is almost dead.
The black bear bites you!
You die...

..........####. .... ..
................. ........#
#................ .......#..
#!.#####........# ........#..
......#......... #..........#
#.# #...........
#..........####.#####.........
............##................
............h@.....##........#
............##.....#####.#####
............##.....# #.#
............##.....# #.#
............##.....# ..
............##.....# #
...........###.....#
.......##### ####### .......


You could see a black bear (berserk).

Vanquished Creatures
  An ice beast (D:6)
  A necrophage (D:6)
  2 hounds (D:5)
  2 gnolls
  2 adders
  2 orcs
  A hobgoblin (D:4)
11 creatures vanquished.

Notes
Turn   | Place    | Note
-------+----------+-------------------------------------------
     0 | D:5      | Esekla the Vine Stalker Delver began the quest for the Orb.
     0 | D:5      | Reached XP level 1. HP: 11/11 MP: 2/2
     0 | D:5      | Found Tiumeq's Book Shop.
    27 | D:5      | Identified the +2 robe "Hittiuku" {rC+ rN+ Regen+}
    52 | D:5      | Noticed Sigmund
    64 | D:6      | Noticed an ice beast
    67 | D:6      | Found a staircase to the Ecumenical Temple.
    77 | Temple   | Entered the Ecumenical Temple
   364 | D:6      | Noticed a hound
   364 | D:6      | Noticed an ogre
   365 | D:6      | Noticed an orc wizard
   371 | D:5      | Killed a hound
   372 | D:5      | Reached XP level 2. HP: 16/16 MP: 3/3
   372 | D:5      | Reached XP level 3. HP: 20/20 MP: 4/4
   426 | D:5      | Gained mutation: Your natural rate of healing is unusually
                  | fast. [Vine Stalker growth]
   426 | D:5      | Reached XP level 4. HP: 23/24 MP: 3/5
   532 | D:5      | Noticed Pikel
   558 | D:5      | Noticed a lemure
   589 | D:5      | HP: 1/24 [gnoll/+0 halberd[a gnoll bouda] (11)]
   666 | D:6      | Killed an ice beast
   667 | D:6      | Reached skill level 1 in Spellcasting
   667 | D:6      | Reached skill level 1 in Translocations
   667 | D:6      | Reached XP level 5. HP: 18/28 MP: 4/8
   724 | D:6      | Noticed Eustachio
   744 | D:6      | Reached XP level 6. HP: 29/33 MP: 4/9
   803 | D:6      | Noticed a black bear
   856 | D:6      | Noticed a black bear
   885 | D:6      | Slain by a black bear

Illustrated notes

Levels and vault maps discovered:
D:4:      cheibrodos_pilgrimage, layout_rooms
D:5:      lemuel_ice_spiral_2, layout_basic, serial_shops, shop, uniq_sigmund,
          uniq_duvessa, uniq_pikel
D:6:      layout_rooms, nicolae_uskayaw_dance_studio,
          mainiacjoe_overflow_six_doors_small, minmay_temple_entry_sparse_star,
          uniq_eustachio, uniq_crazy_yiuf_cottage
Temple:   nicolae_temple_bog_church

Skill      XL: |  1  2  3  4  5 |
---------------+----------------+-----
Fighting       | 3 |  3.8
Long Blades    | 2 3 |  3.1
Dodging        | 2 |  2.2
Spellcasting   | 1 |  1.6
Translocations | 1 |  1.6
Stealth        | |  6.8

Action                     |  1- 3 |  4- 6 || total
---------------------------+-------+-------++-------
  Melee: Falchion          |    18 |    70 ||    88
         Bite              |     3 |    16 ||    19
  Evoke: Wand              |       |     1 ||     1
    Use: Scroll            |     1 |       ||     1
         Potion            |     1 |       ||     1
   Stab: Sleeping          |     1 |       ||     1
 Armour: Robe              |     4 |    23 ||    27
  Dodge: Dodged            |    22 |    65 ||    87

Table legend: (Time is in decaauts)
 A = Elapsed time spent in this place.
 B = Non-inter-level travel time spent in this place.
 C = Inter-level travel time spent in this place.
 D = Time resting spent in this place.
 E = Time spent auto-exploring this place.
 F = Levels seen in this place.
 G = Mean time per level.
                   A        B        C        D        E       F      G
               +--------+--------+--------+--------+--------+-----+--------+
         Total |    893 |    889 |      4 |     77 |    157 |   4 |  223.2 |
       Dungeon |    696 |    695 |      1 |     72 |      0 |   3 |  232.0 |
        Temple |    197 |    195 |      2 |      5 |    157 |   1 |  197.0 |
               +--------+--------+--------+--------+--------+-----+--------+

Top non-repeatable levels by time:
     D:5: 362 daAuts
     D:6: 283 daAuts
  Temple: 197 daAuts
     D:4: 50 daAuts
